 Dungeon Crawl Stone Soup version 0.21-a0-346-g330ab2c (webtiles) character file.

1953 Amnesiac the Digger (level 9, -1/65 HPs)
             Began as a Gnoll Earth Elementalist on Oct 5, 2017.
             Was a Follower of Ashenzari.
             Slain by an unseen horror (6 damage)
             ... on level 6 of the Dungeon.
             The game lasted 00:08:25 (4113 turns).

Amnesiac the Digger (Gnoll Earth Elementalist)      Turns: 4113, Time: 00:08:26

Health: -1/65      AC:  3    Str: 11    XL:     9   Next: 19%
Magic:  5/18       EV: 16    Int: 23    God:    Ashenzari [*.....]
Gold:   330        SH:  0    Dex: 15    Spells: 8/20 levels left

rFire    . . .     SeeInvis .   a - +0 dagger
rCold    . . .     Gourm    .   (no shield)
rNeg     . . .     Faith    .   c - +0 robe
rPois    .         Spirit   .   w - +0 helmet
rElec    .         Reflect  .   (no cloak)
rCorr    .         Harm     .   (no gloves)
MR       .....                  (no boots)
Stlth    +++.......             E - amulet of regeneration
HPRegen  0.60/turn              y - +2 ring of intelligence
MPRegen  0.16/turn              G - ring of wizardry

@: starving
A: distributed training, fangs 1, strong nose
a: Curse Item, Scrying, Renounce Religion


You were on level 6 of the Dungeon.
You worshipped Ashenzari.
Ashenzari was aware of your devotion.
You were starving.

You visited 2 branches of the dungeon, and saw 7 of its levels.

You collected 330 gold pieces.

Inventory:

Hand Weapons
 a - a +0 dagger (weapon)
 r - a +2 spear of venom
Missiles
 k - 208 stones (quivered)
 m - 14 poisoned needles
Armour
 c - a +0 robe (worn)
 w - a +0 helmet (worn)
Jewellery
 u - an uncursed amulet of rage
 y - a +2 ring of intelligence (left hand)
 E - an amulet of regeneration (around neck)
 G - a ring of wizardry (right hand)
 H - an uncursed ring of poison resistance
Wands
 n - a wand of enslavement (14/24)
Scrolls
 b - a scroll of enchant weapon {!r, unknown}
 g - 3 scrolls of magic mapping {!r, unknown}
 h - a scroll of immolation {!r, unknown}
 i - a scroll of amnesia {!r, unknown}
 l - a scroll of fear {!r, unknown}
 o - a scroll of fog {!r, unknown}
 p - 5 scrolls of identify {!r, unknown}
 t - a scroll of remove curse {!r}
 v - a scroll of blinking {!r, unknown}
 x - a scroll of teleportation {!r, unknown}
 D - a scroll of random uselessness {!r, unknown}
 I - a scroll of recharging {!r, unknown}
Potions
 f - a potion of heal wounds {!q, unknown}
 j - a potion of invisibility {!q, unknown}
 q - 3 potions of curing {!q, unknown}
 s - a potion of might {!q, unknown}
 z - a potion of magic {!q, unknown}
 B - a potion of ambrosia {!q, unknown}
 C - a potion of berserk rage {!q, unknown}
 J - a potion of cancellation {!q, unknown}
Books
 e - a book of Geomancy

   Spells                             Type                      Level
   a - Sandblast                      Earth                        1
   b - Passwall                       Transmutation/Earth          2
   c - Stone Arrow                    Conjuration/Earth            3
   d - Petrify                        Transmutation/Earth          4
   e - Lee's Rapid Deconstruction     Earth                        5
Comestibles
 d - 4 bread rations
 A - a meat ration
 F - 2 fruits


   Skills:
 + Level 3.9 Fighting
 + Level 3.9 Short Blades
 + Level 3.9 Long Blades
 + Level 3.9 Axes
 + Level 3.9 Maces & Flails
 + Level 3.9 Polearms
 + Level 3.9 Staves
 + Level 3.9 Slings
 + Level 3.9 Bows
 + Level 3.9 Crossbows
 + Level 3.9 Throwing
 + Level 3.9 Armour
 + Level 6.1 Dodging
 + Level 5.8 Stealth
 + Level 3.9 Shields
 + Level 3.9 Unarmed Combat
 + Level 6.4 Spellcasting
 + Level 3.9 Conjurations
 + Level 3.9 Hexes
 + Level 3.9 Charms
 + Level 3.9 Summonings
 + Level 3.9 Necromancy
 + Level 3.9 Translocations
 + Level 4.7 Transmutations
 + Level 3.9 Fire Magic
 + Level 3.9 Ice Magic
 + Level 3.9 Air Magic
 + Level 7.7 Earth Magic
 + Level 3.9 Poison Magic
 + Level 3.9 Invocations
 + Level 3.9 Evocations


You had 8 spell levels left.
You knew the following spells:

 Your Spells              Type           Power        Failure   Level  Hunger
b - Passwall              Tmut/Erth      #####.....   1%          2    None
d - Lee's Rapid Deconstr  Erth           #####.....   4%          5    #####..
e - Petrify               Tmut/Erth      #####...     2%          4    ###....
q - Sandblast             Erth           #####.       1%          1    None


Dungeon Overview and Level Annotations

Branches:
Dungeon (6/15)             Temple (1/1) D:5

Altars:
Ashenzari
Cheibriados
Fedhas
Gozag
Okawaru
Qazlal
Ru
Trog
Uskayaw
Vehumet
Xom
Yredelemnul
Zin
The Shining One

Shops:
D:5 *


Innate Abilities, Weirdness & Mutations

Your experience applies equally to all skills.
You have very sharp teeth.
Your uncanny sense of smell can sniff out nearby items.


Message History

You feel sick.
Wield which item (- for none, * to show all)? (? for menu, Esc to quit)
Your +2 spear of venom stops dripping with poison.
a - a +0 dagger (weapon)
You feel sick.
You feel sick.
Items here: ) ? [ † an uncursed hand axe; an uncursed chain mail a scroll labeled ANEAGY FO IMI {!r}; an orc corpse You feel sick.
The helpless water moccasin fails to defend itself.
You impale the water moccasin!!
The water moccasin is severely wounded.
The helpless water moccasin fails to defend itself.
You skewer the water moccasin like a kebab!!!
You kill the water moccasin!
You feel sick.
You feel sick.
You feel sick.
You feel sick.
You feel sick.
Items here: ( ) †† an uncursed trident; 4 tomahawks; an orc corpse; a water moccasin corpse
Items here: ) ? [ † an uncursed dagger; an uncursed robe; a scroll of remove curse {!r} an orc corpse A bullfrog comes into view.
The bullfrog moves out of view.
You feel sick.
You feel sick.
You feel sick.
Casting: Petrify
Confirm with . or Enter, or press ? or * to list all spells.
Aiming: Petrify
Press: ? - help, Shift-Dir - straight line, f - crocodile
Aim: a crocodile (chance to defeat MR: 64%)
The crocodile struggles to resist.
You feel sick. The crocodile bites you!!
* * * LOW HITPOINT WARNING * * *
Unknown command.
Items here: ) ? [ † an uncursed dagger; an uncursed robe; a scroll of remove curse {!r} an orc corpse
Items here: ( ) †† an uncursed trident; 4 tomahawks; an orc corpse; a water moccasin corpse You feel sick.
You feel sick.
You are no longer poisoned.
An adder comes into view.
The ogre shouts!
Press: ? - help, v - describe, . - travel
Here: a crocodile The floor.
You are starving!
Found 14 gold pieces.
Deactivating autopickup; reactivate with Ctrl-A.
You barely miss something. Something hits you but does no damage.
Something hits you but does no damage. Something hits you!
* * * LOW HITPOINT WARNING * * *
Something hits you but does no damage. Something hits you!
* * * LOW HITPOINT WARNING * * *
Something hits you.
You die...

#. #.. .. ..... #.#. ∆
... ... #####.### #.###
##.......#####.#.#####
........t{@.......#...
.........#####......###
.$.......# .........
.......#O#####......##.
.###.........O<........
.......#.####...#.....
.#.......####..##..##.
# #.###...#...........#
#. .....(.##....!.#.#


You could see a crocodile.

Vanquished Creatures
  Sigmund (D:2)
  Eustachio (D:6)
  2 water moccasins (D:6)
  An orc warrior (D:6)
  A sky beast (D:5)
  2 ogres (D:5)
  A centaur (D:5)
  Blork the orc (D:5)
  A bullfrog (D:6)
  2 scorpions (D:4)
  4 howler monkeys
  4 crimson imps
  A bullfrog skeleton (D:4)
  An orc priest (D:5)
  A hound (D:5)
  Jessica (D:3)
  3 orc wizards
  2 worker ants (D:4)
  4 gnolls (D:4)
  11 adders
  A shadow imp (D:5)
  An ooze (D:1)
  An adder zombie (D:5)
  3 worms
  2 dart slugs (D:1)
  3 leopard geckos
  12 orcs
  7 giant cockroaches
  3 goblins
  5 hobgoblins
  6 jackals (D:5)
  8 kobolds
  3 quokkas
  2 ball pythons (D:5)
  5 bats
  9 frilled lizards
  13 rats
129 creatures vanquished.

Notes
Turn   | Place    | Note
-------+----------+-------------------------------------------
     0 | D:1      | Amnesiac the Gnoll Earth Elementalist began the quest for the Orb.
     0 | D:1      | Reached XP level 1. HP: 13/13 MP: 6/6
    64 | D:2      | Reached XP level 2. HP: 19/19 MP: 7/7
    81 | D:2      | Learned a level 2 spell: Passwall
   168 | D:4      | Reached skill level 5 in Spellcasting
   168 | D:4      | Reached XP level 3. HP: 25/25 MP: 5/9
   319 | D:4      | Reached skill level 1 in Fighting
   319 | D:4      | Reached skill level 1 in Short Blades
   319 | D:4      | Reached skill level 1 in Long Blades
   319 | D:4      | Reached skill level 1 in Axes
   319 | D:4      | Reached skill level 1 in Maces & Flails
   319 | D:4      | Reached skill level 1 in Polearms
   319 | D:4      | Reached skill level 1 in Staves
   319 | D:4      | Reached skill level 1 in Slings
   319 | D:4      | Reached skill level 1 in Bows
   319 | D:4      | Reached skill level 1 in Crossbows
   319 | D:4      | Reached skill level 1 in Throwing
   319 | D:4      | Reached skill level 1 in Armour
   319 | D:4      | Reached skill level 1 in Shields
   319 | D:4      | Reached skill level 1 in Unarmed Combat
   319 | D:4      | Reached skill level 1 in Conjurations
   319 | D:4      | Reached skill level 1 in Hexes
   319 | D:4      | Reached skill level 1 in Charms
   319 | D:4      | Reached skill level 1 in Summonings
   319 | D:4      | Reached skill level 1 in Necromancy
   319 | D:4      | Reached skill level 1 in Translocations
   319 | D:4      | Reached skill level 1 in Fire Magic
   319 | D:4      | Reached skill level 1 in Ice Magic
   319 | D:4      | Reached skill level 1 in Air Magic
   319 | D:4      | Reached skill level 1 in Poison Magic
   319 | D:4      | Reached skill level 1 in Invocations
   319 | D:4      | Reached skill level 1 in Evocations
   319 | D:4      | Reached XP level 4. HP: 16/32 MP: 1/11
   577 | D:4      | Reached XP level 5. HP: 35/37 MP: 9/12
   584 | D:4      | Learned a level 4 spell: Petrify
   600 | D:4      | Learned a level 5 spell: Lee's Rapid Deconstruction
   667 | D:4      | Reached XP level 6. HP: 26/44 MP: 9/13
   897 | D:4      | Reached skill level 5 in Dodging
  1118 | D:5      | Entered Level 5 of the Dungeon
  1118 | D:5      | Noticed Blork the orc
  1118 | D:5      | Noticed a sky beast
  1125 | D:5      | Killed a sky beast
  1134 | D:5      | Killed Blork the orc
  1134 | D:5      | Reached XP level 7. HP: 50/50 MP: 9/15
  1173 | D:6      | Noticed Eustachio
  1184 | D:6      | Killed Eustachio
  1184 | D:6      | Reached skill level 7 in Earth Magic
  1193 | D:6      | Reached skill level 5 in Stealth
  1293 | D:5      | Reached XP level 8. HP: 48/57 MP: 2/16
  1536 | D:5      | Found Buirempaenn's General Store.
  1781 | D:5      | Found a staircase to the Ecumenical Temple.
  1790 | Temple   | Entered the Ecumenical Temple
  1807 | Temple   | Became a worshipper of Ashenzari the Shackled
  2854 | D:2      | Reached * piety under Ashenzari
  2938 | D:2      | Found a faded altar of an unknown god.
  3059 | D:2      | Found a stormy altar of Qazlal.
  3203 | D:2      | Noticed Sigmund
  3249 | D:2      | Killed Sigmund
  3408 | D:3      | Noticed Jessica
  3419 | D:3      | Killed Jessica
  4030 | D:6      | Reached XP level 9. HP: 53/65 MP: 18/18
  4113 | D:6      | Slain by an unseen horror

Vault maps used:
D:1:      dpeg_arrival_fog
D:2:      chequers_ecumenical_altar_lobes, grunt_qazlal_sundering, uniq_sigmund
D:3:      kennysheep_generic_room_5, uniq_jessica
D:4:      first_bread
D:5:      minmay_temple_entry_mist, serial_shops, nicolae_shop_window_shopping,
          hex_medium, uniq_blork_the_orc
D:6:      hangedman_cross_stitches, uniq_eustachio, uniq_menkaure
Temple:   grunt_wide_crystal_templ

Skill      XL: |  1  2  3  4  5  6  7  8 |
---------------+-------------------------+-----
Spellcasting   | 5 6 |  6.4
Fighting       | 1 2 3 |  3.9
Short Blades   | 1 2 3 |  3.9
Long Blades    | 1 2 3 |  3.9
Axes           | 1 2 3 |  3.9
Maces & Flails | 1 2 3 |  3.9
Polearms       | 1 2 3 |  3.9
Staves         | 1 2 3 |  3.9
Slings         | 1 2 3 |  3.9
Bows           | 1 2 3 |  3.9
Crossbows      | 1 2 3 |  3.9
Throwing       | 1 2 3 |  3.9
Armour         | 1 2 3 |  3.9
Shields        | 1 2 3 |  3.9
Unarmed Combat | 1 2 3 |  3.9
Conjurations   | 1 2 3 |  3.9
Hexes          | 1 2 3 |  3.9
Charms         | 1 2 3 |  3.9
Summonings     | 1 2 3 |  3.9
Necromancy     | 1 2 3 |  3.9
Translocations | 1 2 3 |  3.9
Fire Magic     | 1 2 3 |  3.9
Ice Magic      | 1 2 3 |  3.9
Air Magic      | 1 2 3 |  3.9
Poison Magic   | 1 2 3 |  3.9
Invocations    | 1 2 3 |  3.9
Evocations     | 1 2 3 |  3.9
Transmutations | 3 4 |  4.7
Dodging        | 5 6 |  6.1
Earth Magic    | 7 |  7.7
Stealth        | 5 |  5.8

Action                   |  1- 3 |  4- 6 |  7- 9 || total
-------------------------+-------+-------+-------++-------
Melee: Dagger            |    12 |    19 |    37 ||    68
       Bite              |     1 |     5 |    15 ||    21
       Spear             |       |       |   129 ||   129
       Punch             |       |       |     1 ||     1
 Cast: Sandblast         |    20 |    13 |    41 ||    74
       Passwall          |     1 |     8 |     3 ||    12
       Petrify           |       |     3 |    17 ||    20
       Lee's Rapid Decon |       |       |     5 ||     5
Evoke: Wand              |       |     2 |       ||     2
 Stab: Sleeping          |     4 |     8 |    22 ||    34
       Petrified         |       |     6 |    14 ||    20
       Distracted        |       |       |     1 ||     1
  Eat: Chunk             |       |     1 |    11 ||    12
Armor: Robe              |     3 |       |    17 ||    20
Dodge: Dodged            |    23 |     8 |   112 ||   143

Table legend:
 A = Spawn XP
 B = Non-spawn XP
 C = Spawn XP percentage of total XP
 D = Spawn monster count
 E = Non-spawn monster count
 F = Spawn count percentage of total count
 G = Total turns spent on level
                    A         B        C        D         E        F      G
               +---------+---------+-------+---------+---------+-------+---------
         Total |       0 |    2790 |   0.0 |       0 |     129 |   0.0 |  4113
               +---------+---------+-------+---------+---------+-------+---------
           D:1 |       0 |      48 |   0.0 |       0 |      25 |   0.0 |   764
           D:2 |       0 |     302 |   0.0 |       0 |      18 |   0.0 |   682
           D:3 |       0 |      77 |   0.0 |       0 |      18 |   0.0 |   527
           D:4 |       0 |     450 |   0.0 |       0 |      21 |   0.0 |   913
           D:5 |       0 |     833 |   0.0 |       0 |      33 |   0.0 |   848
           D:6 |       0 |    1067 |   0.0 |       0 |      13 |   0.0 |   209
        Temple |       0 |      13 |   0.0 |       0 |       1 |   0.0 |   170
               +---------+---------+-------+---------+---------+-------+---------
